 Dungeon Crawl Stone Soup version 0.31-a0-523-g071a6c1ffa (webtiles) character file.

Game seed: 3226754601574036812

1418 Ethylacetat the Ducker (level 8, 0/56 HPs)
             Began as an Octopode Gladiator on Aug 10, 2023.
             Was an Initiate of Gozag.
             Slain by an orc wizard
             ... wielding a +0 dagger
              (4 damage)
             ... on level 6 of the Dungeon.
             The game lasted 00:10:19 (5756 turns).

Ethylacetat the Ducker (Octopode Gladiator)         Turns: 5756, Time: 00:10:19

Health: 0/56       AC:  1    Str: 14    XL:     8   Next: 71%
Magic:  8/8        EV: 20    Int: 10    God:    Gozag
Gold:   446        SH:  0    Dex: 15    Spells: 7/7 levels left

rFire   . . .        a - +0 long sword
rCold   + . .        (no shield)
rNeg    + . .        b - +0 hat
rPois   .            (no amulet)
rElec   .            g - +5 ring of evasion
rCorr   .            j - ring of protection from cold
SInv    .            q - ring of positive energy
Will    .....        (no ring)
Stlth   ++++         (no ring)
HPRegen 0.29/turn    (no ring)
MPRegen 0.11/turn    (no ring)
                     (no ring)

%: no passive effects
@: no status effects
A: almost no armour, amphibious, 8 rings, camouflage 1, gelatinous body 1,
(nimble swimmer 1), tentacles
a: Renounce Religion, Potion Petition, Call Merchant, Bribe Branch


You were on level 6 of the Dungeon.
You worshipped Gozag.
Gozag was aware of your devotion.
You visited 2 branches of the dungeon, and saw 7 of its levels.
You also visited: Sewer.

You collected 495 gold pieces.
You paid 49 gold pieces to Gozag.

Inventory:

Hand Weapons
 a - a +0 long sword (weapon)
 n - a +1 sling of electrocution
Missiles
 c - 4 throwing nets (quivered)
 d - a javelin
Armour
 b - a +0 hat (worn)
Jewellery
 g - a +5 ring of evasion (left tentacle)
 j - a ring of protection from cold (right tentacle)
 q - a ring of positive energy (on tentacle)
Wands
 u - a wand of paralysis (2)
 C - a wand of flame (21)
Scrolls
 f - 3 scrolls of teleportation {unknown}
 k - 2 scrolls of identify {unknown}
 m - 4 scrolls of enchant armour {unknown}
 p - a scroll of enchant weapon {unknown}
 t - 2 scrolls of poison {unknown}
 w - 2 scrolls of fog {unknown}
 x - 2 scrolls of fear {unknown}
 y - a scroll of revelation {unknown}
 A - a scroll of acquirement {unknown}
Potions
 e - a potion of heal wounds
 h - a potion of enlightenment {unknown}
 i - 2 potions of resistance {unknown}
 l - a potion of haste {unknown}
 o - a potion of brilliance {unknown}
 r - 2 potions of curing
 s - 2 potions of might {unknown}
 v - a potion of berserk rage {unknown}
 z - a potion of attraction {unknown}
 B - a potion of magic {unknown}


   Skills:
 + Level 5.5 Fighting
 - Level 5.2 Long Blades
 + Level 2.5 Ranged Weapons
 - Level 4.7 Throwing
 + Level 6.0 Dodging
 + Level 3.8 Stealth


You had 7 spell levels left.
You didn't know any spells.
Your spell library contained the following spells:

 Spells                   Type           Power      Damage    Failure   Level
 Sting                    Tmut/Pois      0%         1d3       36%         1
 Poisonous Vapours        Pois/Air       0%         N/A       50%         2
 Call Canine Familiar     Summ           0%         N/A       75%         3
 Inner Flame              Hex/Fire       0%         N/A       75%         3
 Portal Projectile        Hex/Tloc       0%         N/A       75%         3
 Leda's Liquefaction      Hex/Erth       0%         N/A       98%         4
 Olgreb's Toxic Radiance  Pois           0%         N/A       98%         4
 Yara's Violent Unravell  Hex/Tmut       0%         3d3       100%        5
 Enfeeble                 Hex            0%         N/A       100%        7


Dungeon Overview and Level Annotations

Branches:
Dungeon (6/15)             Temple (1/1) D:5           Sewer (visited)

Altars:
Dithmenos
Fedhas
Gozag
Hepliaklqana
Makhleb
Nemelex Xobeh
Okawaru
Qazlal
Ru
Sif Muna
Trog
Uskayaw
Vehumet
Wu Jian
Xom
Yredelemnul
Zin

Shops:
D:6 *


Innate Abilities, Weirdness & Mutations

You cannot wear most types of armour.
You are amphibious.
You can wear up to eight rings at the same time.
Your skin changes colour to match your surroundings (Stealth+).
Your rubbery body absorbs attacks. (AC +1, EV +1)
((You are camouflaged when in or above water. (Stealth+)))
You have tentacles for arms and can constrict up to eight enemies at once.


Message History

Things that are here:
7 gold pieces; a +0 mace You hit the orc warrior.
Your squeeze misses the orc warrior.
The orc warrior is severely wounded.
Something hits you. x2
The orc warrior hits you with a +0 dire flail.
Something hits you. The orc warrior misses you. Something hits you.
You closely miss the orc warrior. Your squeeze misses the orc warrior.
The orc warrior is severely wounded.
The orc is no longer distracted by gold.
Something hits you but does no damage. Something hits you.
* * * LOW HITPOINT WARNING * * *
The orc warrior misses you.
Unknown command.
The orc warrior hits you with a +0 dire flail!
* * * LOW HITPOINT WARNING * * *
Something hits you.
* * * LOW HITPOINT WARNING * * *
You feel less confused.
You feel much better. Something hits you. The orc warrior closely misses you.
Something hits you.
* * * LOW HITPOINT WARNING * * *
Something hits you.
* * * LOW HITPOINT WARNING * * *
The orc warrior barely misses you.
The orc warrior attacks as you move away!
The orc warrior closely misses you.
There is an open door here.
You closely miss something. You tentacle-slap something. You hit something.
Something hits you.
* * * LOW HITPOINT WARNING * * *
Something hits you.
* * * LOW HITPOINT WARNING * * *
You hit something but do no damage. Something hits you.
* * * LOW HITPOINT WARNING * * *
Something hits you.
* * * LOW HITPOINT WARNING * * *
Something hits you.
You die...
Your body crumbles into a pile of gold.

.....#.#####........#.## #.
.#....#...............#####.
...#....# #................
#..#.#..# #..........#####.
#.o#.#..###..........#####.
#..#........#####....##....
#..$.....o.)# #....##....
#.##....o...# #######....
... #.....#@## #.... ....#
###'###.# #....
#.##.#####.....# #.... #
#...........# #....
############# ##### # # # #


You could see an orc warrior and an orc.

Vanquished Creatures
  A water moccasin (D:6)
  A sky beast (D:6)
  An ice beast (D:4)
  3 ogres
  2 kobold brigands
  A gnoll bouda (D:5)
  4 hounds
  An orc priest (D:6)
  Jessica (D:2)
  2 iguanas
  2 sleepcaps
  3 orc wizards
  3 gnolls (D:5)
  4 river rats (Sewer)
  16 adders
  An ufetubus (D:5)
  4 worms
  A dart slug (D:4)
  15 orcs
  7 bats
  8 endoplasms
  3 giant cockroaches
  3 goblins
  4 hobgoblins
  10 jackals
  14 kobolds
  5 quokkas
  11 ball pythons
  5 frilled lizards
  10 rats
146 creatures vanquished.

Notes
Turn   | Place    | Note
-------+----------+-------------------------------------------
     0 | D:1      | Ethylacetat the Octopode Gladiator began the quest for the
                  | Orb.
     0 | D:1      | Reached XP level 1. HP: 14/14 MP: 1/1
    82 | D:1      | Reached XP level 2. HP: 19/19 MP: 2/2
   571 | D:2      | Reached XP level 3. HP: 25/25 MP: 3/3
   600 | D:2      | Noticed Jessica
   606 | D:2      | Killed Jessica
   612 | D:2      | Reached XP level 4. HP: 28/30 MP: 4/4
  1434 | D:3      | Reached XP level 5. HP: 36/36 MP: 5/5
  2092 | D:4      | Reached skill level 4 in Dodging
  2206 | D:4      | Found a shadowy altar of Dithmenos.
  2221 | D:4      | Noticed an ogre
  2227 | D:4      | Killed an ogre
  2228 | D:4      | Reached XP level 6. HP: 42/42 MP: 6/6
  2235 | D:4      | Found a hazy altar of Hepliaklqana.
  2592 | D:4      | Found a stormy altar of Qazlal.
  2651 | D:4      | Noticed an ice beast
  2694 | D:4      | Killed an ice beast
  3040 | D:5      | Entered Level 5 of the Dungeon
  3108 | D:5      | Reached XP level 7. HP: 48/48 MP: 7/7
  3241 | D:5      | Found a blossoming altar of Fedhas.
  3499 | D:5      | Reached skill level 5 in Long Blades
  3499 | D:5      | Reached skill level 5 in Dodging
  4047 | D:5      | Found a staircase to the Ecumenical Temple.
  4085 | Temple   | Entered the Ecumenical Temple
  4097 | Temple   | Became a worshipper of Gozag Ym Sagoz the Greedy
  4173 | D:5      | Reached XP level 8. HP: 29/54 MP: 8/8
  4598 | D:6      | Found Jushraett's General Store.
  4648 | D:6      | Reached skill level 1 in Stealth
  4696 | D:6      | Reached skill level 1 in Ranged Weapons
  4746 | D:6      | Found a glowing drain.
  4776 | Sewer    | Entered a sewer
  4921 | Sewer    | Reached skill level 5 in Fighting
  5482 | D:6      | Found a burning altar of Makhleb.
  5716 | D:6      | Reached skill level 6 in Dodging
  5746 | D:6      | HP: 2/56 [something (3)]
  5756 | D:6      | Slain by an orc wizard

Illustrated notes

Levels and vault maps discovered:
D:1:      onia_arrival_pyramid, layout_basic
D:2:      layout_basic, nicolae_half_adder, uniq_jessica
D:3:      layout_loops_ring, minmay_randomly_rotated_circles
D:4:      layout_loops_ring, nicolae_qazlal_eye_of_the_storm,
          grunt_dithmenos_smoke, mainiacjoe_overflow_chevrons
D:5:      layout_basic, mainiacjoe_overflow_24_doors, minmay_temple_entry_tees
D:6:      layout_basic, bloody_makhleb, gup_sewer_entry_glass,
          nicolae_stop_n_shop_1, minmay_crystal_room, uniq_eustachio
Temple:   nicolae_temple_bog_church

Skill      XL: |  1  2  3  4  5  6  7  8 |
---------------+-------------------------+-----
Fighting       | 3 4 5 |  5.5
Throwing       | 3 4 |  4.7
Long Blades    | 4 5 |  5.2
Dodging        | 4 5 6 |  6.0
Stealth        | 3 |  3.8
Ranged Weapons | 2 |  2.5

Action                     |  1- 3 |  4- 6 |  7- 9 || total
---------------------------+-------+-------+-------++-------
  Melee: Long sword        |    47 |    34 |   132 ||   213
         Constrict         |    13 |     9 |    31 ||    53
         Tentacles         |    11 |     8 |    27 ||    46
         Punch             |       |       |     2 ||     2
   Fire: Sling             |       |   141 |   136 ||   277
  Evoke: Wand              |       |     5 |     1 ||     6
    Use: Potion            |       |       |     5 ||     5
   Stab: Sleeping          |     1 |     1 |     9 ||    11
         Distracted        |       |       |     1 ||     1
 Armour: Skin              |     4 |     6 |     7 ||    17
  Dodge: Dodged            |    44 |   102 |   248 ||   394

Table legend: (Time is in decaauts)
 A = Elapsed time spent in this place.
 B = Non-inter-level travel time spent in this place.
 C = Inter-level travel time spent in this place.
 D = Time resting spent in this place.
 E = Time spent auto-exploring this place.
 F = Levels seen in this place.
 G = Mean time per level.
                   A        B        C        D        E       F      G
               +--------+--------+--------+--------+--------+-----+--------+
         Total |   5899 |   5722 |    177 |      0 |   4392 |   8 |  737.4 |
       Dungeon |   5229 |   5074 |    155 |      0 |   3963 |   6 |  871.5 |
        Temple |     24 |      2 |     22 |      0 |      0 |   1 |   24.0 |
         Sewer |    645 |    645 |      0 |      0 |    429 |   1 |  645.0 |
               +--------+--------+--------+--------+--------+-----+--------+

Top non-repeatable levels by time:
     D:5: 1567 daAuts
     D:4: 1017 daAuts
     D:2: 855 daAuts
     D:3: 666 daAuts
   Sewer: 645 daAuts
     D:1: 568 daAuts
     D:6: 553 daAuts
  Temple: 24 daAuts
